 Dungeon Crawl Stone Soup version 0.31-a0-851-g7ff8af7976 (webtiles) character file.

Game seed: 7760406012015310340

63 Sweetruy1997 the Ogre Mage (level 4, -7/34 (40) HPs)
             Began as an Ogre Hedge Wizard on Oct 8, 2023.
             Killed from afar by Ijyb (18 damage)
             ... with a bolt of dispelling energy
             ... on level 3 of the Dungeon.
             The game lasted 00:06:36 (2452 turns).

Sweetruy1997 the Ogre Mage (Ogre Hedge Wizard)      Turns: 2452, Time: 00:06:37

HP:   -7/34 (40)    AC:  4    Str: 14    XL:     4   Next: 10%
MP:   9/10          EV: 10    Int: 15    God:
Gold: 101           SH:  0    Dex: 10    Spells: 3/12 levels left

rFire   . . .        g - staff of death
rCold   + . .        (no shield)
rNeg    + . .        b - +0 robe
rPois   .            c - +1 hat
rElec   .            (no cloak)
rCorr   .            (gloves unavailable)
SInv    .            (boots unavailable)
Will    .....        (no amulet)
Stlth   ++           h - ring of protection from cold
HPRegen 0.25/turn    (no ring)
MPRegen 0.12/turn

%: no passive effects
@: heavily drained
A: large, unfitting armour, tough skin 1
a: no special abilities


You were on level 3 of the Dungeon.
You visited 1 branch of the dungeon, and saw 3 of its levels.

You collected 101 gold pieces.

Inventory:

Armour
 b - a +0 robe (worn)
 c - a +1 hat (worn)
Magical Staves
 g - a staff of death (weapon)
Jewellery
 h - a ring of protection from cold (left hand)
Scrolls
 a - a scroll of enchant weapon
 e - a scroll of revelation {unknown}
 f - 2 scrolls of identify
 i - a scroll of summoning
 k - a scroll of fear
Potions
 d - a potion of magic


   Skills:
 + Level 0.9 Fighting
 + Level 0.2 Staves
 + Level 2.2 Dodging
 + Level 1.4 Stealth
 + Level 4.6 Spellcasting
 + Level 1.2 Conjurations
 + Level 0.2 Hexes
 + Level 1.4 Summonings
 + Level 0.1 Necromancy
 + Level 0.8 Translocations


You had 3 spell levels left.
You knew the following spells:

 Your Spells              Type           Power      Damage    Failure   Level
a - Magic Dart            Conj           28%        1d4       11%         1
b - Slow                  Hex            16%        N/A       16%         1
c - Call Imp              Summ           14%        N/A       14%         2
d - Blink                 Tloc           12%        N/A       19%         2
e - Kiss of Death         Conj/Necr      32%        2d7       13%         1
f - Cigotuvi's Dreadful   Necr/Pois/Air  10%        N/A       26%         2

Your spell library contained the following spells:

 Spells                   Type           Power      Damage    Failure   Level
 Mephitic Cloud           Conj/Pois/Air  4%         N/A       41%         3
 Confusing Touch          Hex            4%         N/A       43%         3
 Dispel Undead            Necr           5%         3d7       85%         4


Dungeon Overview and Level Annotations

Branches:
Dungeon (3/15)

Altars:

Annotations:
D:3 Ijyb


Innate Abilities, Weirdness & Mutations

You are too large for most types of armour.
You have tough skin. (AC +1)


Message History

A rat comes into view.
You closely miss the rat. The rat barely misses you.
You hit the rat.
The rat is severely wounded.
The rat bites you.
You hit the rat.
You kill the rat!
You see here a rat corpse.
Found a stone staircase leading down.
You hear the slow rusting of a distant drain.
Ijyb the Twisted Goblin comes into view.
She is wielding a +0 club and carrying a wand of quicksilver.
Casting: Magic Dart (safe; 11% risk of failure)
Confirm with . or Enter, or press ? or * to list all spells.
A tiny devil pulls itself out of the air.
The magic dart hits Ijyb but does no damage.
Ijyb shouts!
Ijyb zaps a wand.
The bolt of dispelling energy hits you!
Ijyb zaps a wand.
The bolt of dispelling energy misses you.
Your cerulean imp hits Ijyb but does no damage.
Your cerulean imp barely misses Ijyb.
Ijyb zaps a wand.
The bolt of dispelling energy hits your cerulean imp!
The bolt of dispelling energy hits you!
Your cerulean imp misses Ijyb.
Ijyb misses your cerulean imp.
Your cerulean imp hits Ijyb but does no damage.
Ijyb zaps a wand.
The bolt of dispelling energy hits your cerulean imp.
Your cerulean imp dies!
Your cerulean imp disappears in a puff of smoke!
The bolt of dispelling energy hits you!
* * * LOW HITPOINT WARNING * * *
An orc comes into view. It is wielding a +0 short sword.
Found 13 gold pieces.
The orc shouts!
A giant cockroach comes into view.
Ijyb zaps a wand.
The bolt of dispelling energy hits you!!
Ouch! That really hurt!
You die...

####...##.#####..
.>..... #.# #...##.#
#.## #.B . #.####
#......# #..# #.#.#
#..... ##..##.#
#..###o#.# #####.
#.....#####.g......#
#.
#...........####.###
#. #....###.#### #.#
#.
#...####.#######g#
##.
#...##.....@.....#
#.?
#....##.#.#########
#.# #.......#.# #.#
#....## #.# #.#
.##.. #.# #.# #.#
#.# #.#


You could see Ijyb.

Vanquished Creatures
  An adder (D:2)
  3 ball pythons (D:1)
  5 endoplasms
  A giant cockroach (D:1)
  6 goblins
  3 hobgoblins
  3 kobolds (D:1)
  A quokka (D:1)
  7 bats
  2 frilled lizards (D:2)
  6 rats
38 creatures vanquished.

Vanquished Creatures (collateral kills)
  An adder (D:2)
  A bat (D:2)
  2 quokkas
4 creatures vanquished.

Grand Total: 42 creatures vanquished

Notes
Turn   | Place    | Note
-------+----------+-------------------------------------------
     0 | D:1      | Sweetruy1997 the Ogre Hedge Wizard began the quest for the
                  | Orb.
     0 | D:1      | Reached XP level 1. HP: 16/16 MP: 5/5
     2 | D:1      | Learned a level 1 spell: Slow
   216 | D:1      | Reached XP level 2. HP: 20/26 MP: 0/6
   303 | D:1      | Reached skill level 4 in Spellcasting
   330 | D:1      | Learned a level 2 spell: Call Imp
   333 | D:1      | Learned a level 2 spell: Blink
   358 | D:1      | Learned a level 1 spell: Kiss of Death
   732 | D:1      | Reached skill level 1 in Conjurations
   775 | D:1      | Reached skill level 1 in Summonings
   781 | D:1      | Learned a level 2 spell: Cigotuvi's Dreadful Rot
   880 | D:1      | Reached XP level 3. HP: 27/27 MP: 5/8
  1776 | D:2      | HP: 1/22 [poisoned by an adder]
  2131 | D:2      | Reached XP level 4. HP: 31/31 MP: 8/10
  2430 | D:3      | Noticed Ijyb
  2452 | D:3      | Killed from afar by Ijyb

Illustrated notes

Levels and vault maps discovered:
D:1:      tarquinn_simple_flora_water_f, layout_basic
D:2:      layout_basic
D:3:      layout_loops_ring, portal_sewer_entry_c, corexii_hall_statues_x,
          uniq_ijyb

Skill      XL: |  1  2 |
---------------+-------+-----
Spellcasting   | 4 |  4.6
Dodging        | 2 |  2.2
Conjurations   | 1 |  1.2
Summonings     | 1 |  1.4
Fighting       | |  0.9
Staves         | |  0.2
Stealth        | |  1.4
Hexes          | |  0.2
Necromancy     | |  0.1
Translocations | |  0.8

Action                     |  1- 3 |  4- 6 || total
---------------------------+-------+-------++-------
  Melee: Staff             |    22 |     4 ||    26
         Dagger            |     3 |       ||     3
         Punch             |     1 |       ||     1
   Cast: Magic Dart        |    64 |     9 ||    73
         Call Imp          |     8 |     1 ||     9
         Kiss of Death     |     3 |       ||     3
    Use: Potion            |     1 |       ||     1
         Scroll            |       |     7 ||     7
 Armour: Robe              |    27 |     5 ||    32
  Dodge: Dodged            |    15 |     2 ||    17

Table legend: (Time is in decaauts)
 A = Elapsed time spent in this place.
 B = Non-inter-level travel time spent in this place.
 C = Inter-level travel time spent in this place.
 D = Time resting spent in this place.
 E = Time spent auto-exploring this place.
 F = Levels seen in this place.
 G = Mean time per level.
                   A        B        C        D        E       F      G
               +--------+--------+--------+--------+--------+-----+--------+
         Total |   2441 |   2389 |     52 |     24 |   2053 |   3 |  813.7 |
       Dungeon |   2441 |   2389 |     52 |     24 |   2053 |   3 |  813.7 |
               +--------+--------+--------+--------+--------+-----+--------+

Top non-repeatable levels by time:
     D:1: 1309 daAuts
     D:2: 953 daAuts
     D:3: 178 daAuts
